 Dungeon Crawl Stone Soup version 0.25.1-2-g60ff931df9 (webtiles) character file.

Game seed: 11023538811793957803

27 Acheron the Chiller (level 2, 0/15 HPs)
             Began as a Deep Elf Ice Elementalist on Aug 15, 2020.
             Slain by a quokka (5 damage)
             ... on level 2 of the Dungeon.
             The game lasted 00:05:13 (625 turns).

Acheron the Chiller (Deep Elf Ice Elementalist)      Turns: 625, Time: 00:05:14

Health: 0/15       AC:  2    Str:  5    XL:     2   Next: 93%
Magic:  8/8        EV: 13    Int: 19    God:
Gold:   23         SH:  0    Dex: 15    Spells: 7/8 levels left

rFire    . . .     SeeInvis .   (no weapon)
rCold    . . .     Gourm    .   (no shield)
rNeg     . . .     Faith    .   a - +0 robe
rPois    .         Spirit   .   (no helmet)
rElec    .         Reflect  .   (no cloak)
rCorr    .         Harm     .   (no gloves)
MR       .....                  (no boots)
Stlth    ++........             (no amulet)
HPRegen  0.05/turn              (no ring)
MPRegen  0.11/turn              (no ring)

@: no status effects
A: no striking features
a: no special abilities


You were on level 2 of the Dungeon.
You were not hungry.

You visited 1 branch of the dungeon, and saw 3 of its levels.

You collected 23 gold pieces.

Inventory:

Hand Weapons
 g - a +0 club
Missiles
 e - 26 stones (quivered)
 h - 10 poisoned darts
 j - 3 boomerangs
Armour
 a - a +0 robe (worn)
Scrolls
 b - a scroll of identify {unknown}
 i - a scroll of amnesia {unknown}
Comestibles
 c - a ration
 d - a chunk of flesh


   Skills:
 + Level 2.5 Dodging
 + Level 2.5 Stealth
 + Level 3.8 Spellcasting
 + Level 4.9 Ice Magic


You had 7 spell levels left.
You knew the following spells:

 Your Spells              Type           Power        Failure   Level  Hunger
a - Freeze                Ice            ###.         1%          1    None

Your spell library contained the following spells:

 Spells                   Type           Power        Failure   Level  Hunger
 Frozen Ramparts          Ice            ###...       5%          3    ###....
 Ozocubu's Armour         Chrm/Ice       ##......     16%         3    ###....
 Hailstorm                Conj/Ice       ##......     45%         4    ####...
 Summon Ice Beast         Ice/Summ       ##......     45%         4    ####...


Dungeon Overview and Level Annotations

Branches:
Dungeon (3/15)

Altars:

Annotations:
D:2 1 runed translucent door, Crazy Yiuf, Jessica


Message History

You climb downwards.
An adder comes into view.
There is a stone staircase leading up here.
Casting: Freeze (safe; 1% risk of failure)
Confirm with . or Enter, or press ? or * to list all spells.
Aiming: Freeze (safe; 1% risk of failure)
Press: ? - help, Shift-Dir - straight line, f - kobold
Aim: a kobold You freeze the kobold.
You kill the kobold!
You climb upwards.
Level annotation: 1 runed translucent door, Crazy Yiuf, Jessica
There is a stone staircase leading down here.
The kobold throws a stone.
The stone barely misses you.
The kobold throws a stone.
The stone closely misses you.
You see here a stone.
A quokka comes into view.
The quokka misses you. The quokka bites you.
You die...

####.##. #÷..#... #..###..
#.#.#.## ##### #.##.##.
#... ..##.... ##.##
##.#####. ###<..######
#.##.... #########
#...@......# ########
...@....# #.#..r######
#######.#
#.##.########♣♣♣♣♣ ##..#
#w##..)......♣.♣.♣♣♣
##.#.##
#.##..####......♣..♣#
###.###.##
#.##...........♣♣♣♣.+ #..##
##.# #.##..####....♣♣ ♣♣#
##.#.###.####.##..#######♣♣
#...>.#@.(.............#


You could see a quokka.

Vanquished Creatures
  An adder (D:2)
  A leopard gecko (D:1)
  2 bats
  2 goblins
  4 hobgoblins (D:1)
  A jackal (D:1)
  A kobold (D:3)
  3 frilled lizards
  A rat (D:2)
16 creatures vanquished.

Notes
Turn   | Place    | Note
-------+----------+-------------------------------------------
     0 | D:1      | Acheron the Deep Elf Ice Elementalist began the quest for
                  | the Orb.
     0 | D:1      | Reached XP level 1. HP: 10/10 MP: 6/6
   175 | D:1      | Reached XP level 2. HP: 15/15 MP: 5/8
   428 | D:2      | Found a runed translucent door.
   429 | D:2      | Noticed Crazy Yiuf
   460 | D:2      | Noticed Jessica
   625 | D:2      | Slain by a quokka

Illustrated notes

Levels and vault maps discovered:
D:1:      scummos_arrival_checkerplants, layout_basic
D:2:      layout_loops_ring, nicolae_overflow_crystal_walls,
          lemuel_crystal_altar, grunt_qazlal_sundering, grunt_dithmenos_smoke,
          uniq_jessica, uniq_crazy_yiuf_cottage, uniq_sigmund
D:3:      minmay_thinvault, layout_basic, st_stairs_8, hex_tiny, minmay_ruptured

Action                   || total
-------------------------++-------
Melee: Unarmed           ||     4
Throw: Stone             ||     1
 Cast: Freeze            ||    29
  Use: Potion            ||     1
Armor: Robe              ||     3
Dodge: Dodged            ||    21
